 Dungeon Crawl Stone Soup version 0.26-a0-651-gb41185065b (webtiles) character file.

Game seed: 13495023280894849034

875 loralnil the Sneak (level 8, -23/47 HPs)
             Began as an Octopode Conjurer on Oct 14, 2020.
             Annihilated by an orc warrior
             ... wielding a +2 scimitar of protection
              (24 damage)
             ... on level 5 of the Dungeon.
             The game lasted 00:11:28 (6204 turns).

loralnil the Sneak (Octopode Conjurer)              Turns: 6204, Time: 00:11:29

Health: -23/47     AC:  1    Str:  6    XL:     8   Next: 4%
Magic:  7/14       EV: 14    Int: 22    God:
Gold:   389        SH:  0    Dex: 11    Spells: 5/15 levels left

rFire    x . .     SeeInvis .   r - +0 dagger (drain)
rCold    + . .     Faith    .   (no shield)
rNeg     . . .     Spirit   .   (helmet restricted)
rPois    .         Reflect  .   (no amulet)
rElec    .         Harm     .   i - ring of flight
rCorr    .         Rampage  .   j - ring of wizardry
MR       .....                  m - ring of ice
Stlth    ++++......             (no ring)
HPRegen  0.15/turn              (no ring)
MPRegen  0.14/turn              (no ring)
                                (no ring)
                                (no ring)

@: lightly drained
A: almost no armour, stealthy swim, amphibious, 8 rings, constrict 8, camouflage
1, gelatinous body 1
a: Evoke Flight


You were on level 5 of the Dungeon.
You visited 1 branch of the dungeon, and saw 6 of its levels.

You collected 389 gold pieces.

Inventory:

Hand Weapons
 r - a +0 dagger of draining (weapon)
Jewellery
 i - a ring of flight (left tentacle)
 j - a ring of wizardry (right tentacle)
 m - a ring of ice (on tentacle)
Wands
 b - a wand of random effects (22)
 n - a wand of acid (6)
 q - a wand of iceblast (11)
Scrolls
 e - 3 scrolls of remove curse
 f - a scroll of teleportation
 g - a scroll of magic mapping
 k - 2 scrolls of amnesia
 o - 2 scrolls of enchant armour
Potions
 a - a potion of flight
 c - 2 potions of heal wounds
 d - 4 potions of curing
 h - a potion of stabbing
 l - 2 potions of lignification
 p - a potion of magic


   Skills:
 + Level 0.9(0.6) Fighting
 + Level 4.7(4.4) Dodging
 + Level 6.7(6.4) Stealth
 + Level 4.3(4.0) Spellcasting
 + Level 5.9(5.6) Conjurations


You had 5 spell levels left.
You knew the following spells:

 Your Spells              Type           Power        Failure   Level
a - Magic Dart            Conj           ####         1%          1
b - Searing Ray           Conj           ####..       1%          2
c - Dazzling Flash        Conj/Hex       ###...       4%          3
d - Iskenderun's Mystic   Conj/Tloc      ###.....     14%         4

Your spell library contained the following spells:

 Spells                   Type           Power        Failure   Level
 Confusing Touch          Hex            #.......     13%         3
 Gell's Gravitas          Tloc           #.........   13%         3
 Fulminant Prism          Conj/Hex       ###.......   14%         4
 Petrify                  Tmut/Erth      #.......     38%         4
 Metabolic Englaciation   Hex/Ice        #.........   73%         5
 Yara's Violent Unravell  Hex/Tmut       #.........   73%         5


Dungeon Overview and Level Annotations

Branches:
Dungeon (6/15)
 Temple: D:4-7

Altars:
Gozag
Xom

Annotations:
D:3 Sigmund
D:4 1 runed translucent door, Finra's ghost, amateur GrFi


Innate Abilities, Weirdness & Mutations

You cannot wear most types of armour.
You are very stealthy in the water. (Stealth+)
You are amphibious.
You can wear up to eight rings at the same time.
You can use your tentacles to constrict eight enemies at once.
Your skin changes colour to match your surroundings (Stealth+).
Your rubbery body absorbs attacks. (AC +1, EV +1)


Message History

The orc warrior closely misses you.
Casting: Magic Dart (safe; 1% risk of failure)
Confirm with . or Enter, or press ? or * to list all spells.
Aiming: Magic Dart (safe; 1% risk of failure)
Press: ? - help, Shift-Dir - straight line, f/p - orc warrior
Aim: an orc warrior, wielding a +2 scimitar of protection and wearing a +0 chain mail (almost dead)
The magic dart hits the orc warrior but does no damage.
The orc warrior is almost dead.
The orc warrior hits you with a +2 scimitar of protection!!
* * * LOW HITPOINT WARNING * * *
Casting: Magic Dart (safe; 1% risk of failure)
Confirm with . or Enter, or press ? or * to list all spells.
Aiming: Magic Dart (safe; 1% risk of failure)
Press: ? - help, Shift-Dir - straight line, f/p - orc warrior
Aim: an orc warrior, wielding a +2 scimitar of protection and wearing a +0 chain mail (almost dead)
The magic dart hits the orc warrior but does no damage.
The orc warrior is almost dead.
The orc warrior hits you with a +2 scimitar of protection!!
Ouch! That really hurt!
You die...

### ###### ### ..##
#.##.# ###.#
#..######.##.## ##.(##
##........##..####(.##
##.###....#......o#>#
#..######...##.(@##.##
.....####..#....####.#
####..........[## #(# #
##.........## #.## ###
#..........## ##.###.#
##......#.#.#####....##
##
#......._....#..#####
.#####......#.###...##
..............# ##.##


You could see an orc warrior.

Vanquished Creatures
  An ice beast (D:5)
  3 ogres
  A centaur (D:5)
  A howler monkey (D:5)
  A bullfrog zombie (D:5)
  2 hounds (D:4)
  A centaur skeleton (D:5)
  An orc wizard (D:5)
  3 worker ants (D:5)
  2 gnolls
  7 adders
  2 oozes
  4 worms
  2 dart slugs (D:2)
  3 leopard geckos
  10 orcs
  9 bats
  5 giant cockroaches
  5 goblins
  8 hobgoblins
  A jackal (D:5)
  2 quokkas
  A ball python (D:1)
  5 frilled lizards
  5 kobolds
  A quokka skeleton (D:4)
  10 rats
96 creatures vanquished.

Vanquished Creatures (others)
  2 minotaurs (D:1)
  A gargoyle (D:1)
  2 vine stalkers (D:1)
  An elf (D:1)
  A troll (D:1)
  A spriggan (D:1)
  A vampire (D:1)
  2 nagas (D:1)
  2 ogres (D:1)
  A centaur (D:1)
  A kobold (D:1)
  4 tentacles (D:1)
19 creatures vanquished.

Grand Total: 115 creatures vanquished

Notes
Turn   | Place    | Note
-------+----------+-------------------------------------------
     0 | D:1      | loralnil the Octopode Conjurer began the quest for the Orb.
     0 | D:1      | Reached XP level 1. HP: 11/11 MP: 3/3
     2 | D:1      | Noticed a minotaur
     2 | D:1      | Noticed a vampire
     2 | D:1      | Noticed an ogre
     2 | D:1      | Noticed a vine stalker
     2 | D:1      | Noticed a minotaur
     2 | D:1      | Noticed a kraken
     2 | D:1      | Noticed a spriggan
     2 | D:1      | Noticed a naga
     2 | D:1      | Noticed a naga
     2 | D:1      | Noticed an ogre
     2 | D:1      | Noticed a gargoyle
     2 | D:1      | Noticed a vine stalker
     2 | D:1      | Noticed an elf
     2 | D:1      | Noticed a troll
     2 | D:1      | Noticed a centaur
     4 | D:1      | Killed a naga
     6 | D:1      | Killed a vampire
     8 | D:1      | Killed an ogre
     9 | D:1      | Killed a vine stalker
     9 | D:1      | Killed an ogre
     9 | D:1      | Killed an elf
    10 | D:1      | Killed a spriggan
    11 | D:1      | Killed a troll
    12 | D:1      | Killed a minotaur
    13 | D:1      | Killed a gargoyle
    14 | D:1      | Killed a minotaur
    18 | D:1      | Killed a vine stalker
    21 | D:1      | Killed a naga
    23 | D:1      | Killed a centaur
   241 | D:1      | Reached skill level 3 in Stealth
   241 | D:1      | Reached XP level 2. HP: 17/17 MP: 0/5
   247 | D:1      | Learned a level 2 spell: Searing Ray
   624 | D:1      | Reached XP level 3. HP: 21/21 MP: 3/6
   629 | D:1      | Learned a level 3 spell: Dazzling Flash
  1399 | D:2      | Reached XP level 4. HP: 27/27 MP: 4/7
  1792 | D:2      | Reached skill level 4 in Stealth
  1988 | D:2      | Found a shimmering altar of Xom.
  2344 | D:3      | Noticed Sigmund
  2661 | D:3      | Reached XP level 5. HP: 31/31 MP: 1/9
  3644 | D:4      | Noticed an ogre
  3649 | D:4      | Killed an ogre
  3649 | D:4      | Reached skill level 5 in Stealth
  3649 | D:4      | Reached skill level 5 in Conjurations
  3649 | D:4      | Reached XP level 6. HP: 36/36 MP: 4/10
  3655 | D:4      | Learned a level 4 spell: Iskenderun's Mystic Blast
  3926 | D:4      | Found a runed translucent door.
  3928 | D:4      | Noticed Finra's ghost (amateur GrFi)
  4030 | D:5      | Entered Level 5 of the Dungeon
  4067 | D:5      | Noticed an ice beast
  4072 | D:5      | Killed an ice beast
  4174 | D:5      | Reached XP level 7. HP: 33/41 MP: 5/12
  4452 | D:5      | Found an opulent altar of Gozag.
  4509 | D:5      | Reached skill level 6 in Stealth
  5858 | D:5      | Reached XP level 8. HP: 35/47 MP: 5/14
  6203 | D:5      | HP: 1/47 [orc warrior/+2 scimitar of protection (19)]
  6204 | D:5      | Annihilated by an orc warrior

Illustrated notes

Levels and vault maps discovered:
D:1:      nicolae_arrival_kraken_aquarium_b, layout_basic
D:2:      layout_loops_corners, xom_butterflies
D:3:      layout_rooms, roderic_lattice_a, uniq_sigmund
D:4:      layout_loops_ring, ebering_ghost_sewer_d
D:5:      layout_layer_cave, lemuel_crystal_altar
D:6:      layout_rooms, nicolae_dithmenos_the_darkroom, tgw_fedhas,
          gup_sewer_entry_bubbles, minivault_1

Skill      XL: |  1  2  3  4  5  6  7 |
---------------+----------------------+-----
Stealth        | 3 4 5 6 |  6.7
Dodging        | 3 4 |  4.7
Spellcasting   | 3 4 |  4.3
Conjurations   | 5 |  5.9
Fighting       | |  0.9

Action                   |  1- 3 |  4- 6 |  7- 9 || total
-------------------------+-------+-------+-------++-------
Melee: Unarmed           |     2 |       |     4 ||     6
       Tentacles         |       |       |     2 ||     2
       Dagger            |       |       |     1 ||     1
       Constrict         |       |       |     1 ||     1
 Cast: Magic Dart        |    51 |    92 |    43 ||   186
       Searing Ray       |     4 |     7 |    11 ||    22
  Use: Scroll            |     2 |     6 |     4 ||    12
       Potion            |       |     1 |     1 ||     2
Armor: Skin              |     1 |       |     5 ||     6
Dodge: Dodged            |     4 |     5 |    51 ||    60

Table legend: (Time is in decaauts)
 A = Elapsed time spent in this place.
 B = Non-inter-level travel time spent in this place.
 C = Inter-level travel time spent in this place.
 D = Time resting spent in this place.
 E = Time spent auto-exploring this place.
 F = Levels seen in this place.
 G = Mean time per level.
                   A        B        C        D        E       F      G
               +--------+--------+--------+--------+--------+-----+--------+
         Total |   6203 |   6024 |    179 |    941 |   4463 |   6 | 1033.8 |
       Dungeon |   6203 |   6024 |    179 |    941 |   4463 |   6 | 1033.8 |
               +--------+--------+--------+--------+--------+-----+--------+

Top non-repeatable levels by time:
     D:5: 2162 daAuts
     D:2: 1454 daAuts
     D:4: 1026 daAuts
     D:1: 820 daAuts
     D:3: 728 daAuts
     D:6: 11 daAuts
